 Dungeon Crawl Stone Soup version 0.23.2 (webtiles) character file.

Game seed: 7849221769073283726

662 Fang the Skirmisher (level 7, -2/44 HPs)
             Began as a Gargoyle Berserker on Apr 8, 2019.
             Was a Priest of Trog.
             Killed from afar by an orc wizard (3 damage)
             ... with a magic dart
             ... on level 5 of the Dungeon.
             The game lasted 00:03:41 (3724 turns).

Fang the Skirmisher (Gargoyle Berserker)            Turns: 3724, Time: 00:03:42

Health: -2/44      AC: 14    Str: 22    XL:     7   Next: 56%
Magic:  7/7        EV:  9    Int:  8    God:    Trog [***...]
Gold:   192        SH:  0    Dex:  9    Spells: 6/6 levels left

rFire    . . .     SeeInvis +   a - +0 hand axe
rCold    . . .     Gourm    .   (no shield)
rNeg     + . .     Faith    .   b - +0 chain mail
rPois    ∞         Spirit   .   (no helmet)
rElec    +         Reflect  +   s - -1 cloak (curse)
rCorr    +         Harm     .   (no gloves)
MR       .....                  (no boots)
Stlth    ..........             j - +3 amulet of reflection
HPRegen  0.14/turn              e - ring of resist corrosion
MPRegen  0.10/turn              f - ring of see invisible (curse)

@: confused, berserk cooldown, very slightly contaminated, slowed, very slow
A: negative energy resistance 1, electricity resistance, unbreathing,
petrification resistance, rot immunity, AC +4
a: Berserk, Trog's Hand, Renounce Religion


You were on level 5 of the Dungeon.
You worshipped Trog.
Trog was most pleased with you.
You were not hungry.

You visited 1 branch of the dungeon, and saw 5 of its levels.

You collected 192 gold pieces.

Inventory:

Hand Weapons
 a - a +0 hand axe (weapon)
Armour
 b - a +0 chain mail (worn)
 k - a +1 cloak
 s - a cursed -1 cloak (worn)
Jewellery
 e - a ring of resist corrosion (left hand)
 f - a cursed ring of see invisible (right hand)
 j - a +3 amulet of reflection (around neck)
Wands
 r - a wand of random effects (11)
Scrolls
 g - 2 scrolls of teleportation
 i - 4 scrolls of identify
 p - 2 scrolls of fog
Potions
 d - 2 potions of curing
 n - 2 potions of invisibility {unknown}
 q - a potion of flight {unknown}
Comestibles
 c - 6 rations


   Skills:
 + Level 5.4 Fighting
 + Level 4.4 Axes
 + Level 4.8 Armour
 + Level 3.6 Dodging


You had 6 spell levels left.
You didn't know any spells.
Your spell library was empty.

Dungeon Overview and Level Annotations

Branches:
Dungeon (5/15)
 Temple: D:4-7

Altars:
Gozag
Makhleb
Zin


Innate Abilities, Weirdness & Mutations

You are resistant to torment.
Your stone body is resilient. (AC +4)
You are immune to poison.
You resist negative energy. (rN+)
You are resistant to electric shocks. (rElec)
You can survive without breathing.
You are immune to petrification.
You are immune to rotting.


Message History

You kill the orc!
Trog accepts your kill.
The orc wizard gestures at you while chanting.
You are confused.
An orc priest comes into view. It is wielding a +0 war axe.
The orc wizard casts a spell at you.
The magic dart hits you but does no damage.
The orc wizard gestures at you while chanting.
The puff of flame hits you.
* * * LOW HITPOINT WARNING * * *
You feel a strong urge to attack something.
You are no longer berserk.
You are exhausted.
You feel yourself slow down.
You see here a worker ant corpse.
You're too confused!
You eat one of the 7 rations.
That ration really hit the spot!
The orc wizard points at you and mumbles some strange words.
The magic dart hits you.
You die...

.#####.##
......#..#
≈≈≈≈≈....#
≈≈≈≈≈≈≈..#
≈≈≈≈≈≈≈..#
≈≈≈≈≈≈≈≈.#
≈_≈≈≈≈≈≈.#
≈≈≈≈≈≈≈≈.#
≈≈≈≈≈≈≈@.#
≈≈≈≈≈≈.).#
≈≈≈≈....)#
.......o#..
.............
####o.#o.....#
..o........#
....o...#.###
....#...#..


You could see an orc priest, 2 orc wizards and 2 orcs.

Vanquished Creatures
  2 phantoms
  An ogre (D:4)
  2 scorpions (D:4)
  2 orc priests
  Crazy Yiuf (D:2)
  An orc wizard (D:3)
  Jessica (D:2)
  Terence (D:2)
  A worker ant (D:5)
  4 adders
  4 worms
  A dart slug (D:2)
  2 leopard geckos
  6 orcs
  3 ball pythons
  9 bats
  5 giant cockroaches
  3 goblins
  4 hobgoblins
  4 jackals (D:2)
  2 quokkas
  9 frilled lizards
  8 kobolds
  6 rats
82 creatures vanquished.

Notes
Turn   | Place    | Note
-------+----------+-------------------------------------------
     0 | D:1      | Fang the Gargoyle Berserker began the quest for the Orb.
     0 | D:1      | Reached XP level 1. HP: 14/14 MP: 1/1
   280 | D:1      | Reached XP level 2. HP: 17/19 MP: 2/2
   787 | D:2      | Reached XP level 3. HP: 16/23 MP: 3/3
   787 | D:2      | Reached ** piety under Trog
   950 | D:2      | Noticed Jessica
   958 | D:2      | Killed Jessica
   958 | D:2      | Reached XP level 4. HP: 20/29 MP: 4/4
  1063 | D:2      | Found a runed translucent door.
  1064 | D:2      | Noticed Crazy Yiuf
  1240 | D:2      | Found a burning altar of Makhleb.
  1265 | D:2      | Reached skill level 4 in Fighting
  1405 | D:2      | Noticed Terence
  1420 | D:2      | Killed Terence
  1731 | D:2      | Killed Crazy Yiuf
  1731 | D:2      | Reached XP level 5. HP: 33/33 MP: 5/5
  2633 | D:4      | Noticed an ogre
  2640 | D:4      | Killed an ogre
  2640 | D:4      | Reached XP level 6. HP: 18/39 MP: 6/6
  3056 | D:4      | Noticed a phantom
  3103 | D:4      | Killed a phantom
  3103 | D:4      | Reached skill level 5 in Fighting
  3103 | D:4      | Reached XP level 7. HP: 29/44 MP: 7/7
  3211 | D:4      | Found an opulent altar of Gozag.
  3555 | D:4      | Found a glowing silver altar of Zin.
  3685 | D:5      | Entered Level 5 of the Dungeon
  3692 | D:5      | Found a glowing silver altar of Zin.
  3698 | D:5      | Reached *** piety under Trog
  3716 | D:5      | HP: 2/66 [orc priest/+0 hand axe (3)]
  3722 | D:5      | HP: 1/66 [orc wizard/puff of flame (2)]
  3724 | D:5      | Killed from afar by an orc wizard

Skill      XL: |  1  2  3  4  5  6 |
---------------+-------------------+-----
Axes           | 3 4 |  4.4
Dodging        | 2 3 |  3.6
Armour         | 3 4 |  4.8
Fighting       | 4 5 |  5.4

Action                   |  1- 3 |  4- 6 |  7- 9 || total
-------------------------+-------+-------+-------++-------
Melee: Hand axe          |   104 |   220 |    87 ||   411
Invok: Berserk           |       |     3 |     1 ||     4
       Trog's Hand       |       |     1 |       ||     1
  Use: Scroll            |       |       |     7 ||     7
  Eat: Chunk             |       |     7 |     1 ||     8
       Ration            |       |     1 |     1 ||     2
Armor: Chain mail        |    64 |   131 |    63 ||   258
Dodge: Dodged            |    50 |    89 |    43 ||   182
Block: Other             |    10 |    26 |    10 ||    46
